 Dungeon Crawl Stone Soup version 0.31-a0-774-g0d66cba (webtiles) character file.

Game seed: 7801215261404878175

1736448 BarneyGumball the Phalangite (level 26, 184/184 HPs)
             Began as a Merfolk Gladiator on Sept 16, 2023.
             Was the Champion of the Shining One.
             Escaped with the Orb
             ... and 3 runes on Sept 17, 2023!
             The game lasted 06:10:23 (60940 turns).

BarneyGumball the Phalangite (Merfolk Gladiator)   Turns: 60940, Time: 06:10:24

Health: 184/184    AC: 38    Str: 27    XL:     26   Next: 39%
Magic:  34/38      EV: 10    Int:  8    God:    the Shining One [******]
Gold:   3979       SH: 34    Dex: 17    Spells: 25/25 levels left

rFire   + + +        b - +9 trishula (holy)
rCold   + + +        w - +5 kite shield {reflect}
rNeg    + + +        E - +5 gold dragon scales
rPois   +            q - +2 hat {Will+}
rElec   +            M - +2 cloak of Barnacled Brilliance {rF+ Str+3}
rCorr   +            y - +0 pair of gloves
SInv    .            k - +2 pair of boots "Pyig" {Rampage rF- Regen+}
Will    ++...        T - amulet of regeneration Stlth
                     L - ring of the Tortoise {AC+8}
HPRegen 2.10/turn    G - ring of protection from cold
MPRegen 0.26/turn

%: reflection, rampage
@: mighty, divinely shielded, resistant, hasted (expiring), glowing, very quick
A: (nimble swimmer 2), mertail, deformed body, fire resistance 1, frail 2
0: Orb of Zot
}: 3/15 runes: barnacled, abyssal, gossamer
a: Renounce Religion, Divine Shield, Cleansing Flame, Summon Divine Warrior


You escaped.
You worshipped the Shining One.
The Shining One was exalted by your worship.
You visited 9 branches of the dungeon, and saw 46 of its levels.
You visited the Abyss 2 times.
You visited 1 bazaar.
You visited 1 ziggurat, and saw 3 of its levels.

You collected 6055 gold pieces.
You spent 2076 gold pieces at shops.

Inventory:

Hand Weapons
 a - a +9 trident of freezing
 b - a +9 trishula of holy wrath (weapon)
Missiles
 c - 12 silver javelins
 u - 6 curare-tipped darts
 A - 29 poisoned darts (quivered)
Armour
 k - the +2 pair of boots "Pyig" (worn) {Rampage rF- Regen+}
   (You found it on level 10 of the Dungeon)

   rF-:       It makes you vulnerable to fire.
   Regen+:    It increases your rate of health regeneration.
   Rampage:   It bestows one free step when moving towards enemies.
 q - a +2 hat of willpower (worn)
 w - a +5 kite shield of reflection (worn)
 y - a +0 pair of gloves (worn)
 E - +5 gold dragon scales (worn)
 M - the +2 cloak of Barnacled Brilliance (worn) {rF+ Str+3}
   (You found it on level 9 of the Dungeon)

   Str+3:     It affects your strength (+3).
   rF+:       It protects you from fire.
Jewellery
 f - an amulet of guardian spirit
 r - a ring of protection from fire
 s - a ring of protection from fire
 x - a ring of flight
 G - a ring of protection from cold (right hand)
 J - a ring of willpower
 L - the ring of the Tortoise (left hand) {AC+8}
   (You found it on level 1 of the Lair of Beasts)

   [ring of protection]

   AC+8:      It affects your AC (+8).
 T - an amulet of regeneration (around neck)
Wands
 h - a wand of digging (10)
 m - a wand of iceblast (26)
 B - a wand of light (20)
 C - a wand of flame (107)
 F - a wand of charming (42)
 P - a wand of mindburst (20)
 V - a wand of polymorph (15)
Scrolls
 e - 9 scrolls of teleportation
 g - 2 scrolls of brand weapon
 l - a scroll of blinking
 v - 4 scrolls of poison
 z - a scroll of butterflies
 H - 5 scrolls of fear
 I - 5 scrolls of fog
 N - 5 scrolls of revelation
 O - 7 scrolls of immolation
 Y - a scroll of silence
Potions
 d - 4 potions of might
 j - 9 potions of attraction
 n - 6 potions of ambrosia
 p - 6 potions of heal wounds
 t - 4 potions of curing
 D - 2 potions of mutation
 K - 8 potions of enlightenment
 Q - a potion of magic
 W - 5 potions of lignification
 X - 4 potions of cancellation
 Z - 4 potions of haste
Miscellaneous
 R - a condenser vane
 S - a lightning rod (4/4)
 U - a phial of floods


   Skills:
 + Level 24.2 Fighting
 + Level 25.8 Polearms
 - Level 11.0 Throwing
 - Level 16.0 Armour
 - Level 10.0 Dodging
 - Level 15.0 Shields
 + Level 23.3 Invocations
 - Level 10.0 Evocations


You had 25 spell levels left.
You didn't know any spells.
Your spell library contained the following spells:

 Spells                   Type           Power      Damage    Failure   Level
 Sandblast                Erth           0%         2d4       100%        1
 Shock                    Conj/Air       0%         1d3       100%        1
 Sting                    Tmut/Pois      0%         1d3       100%        1
 Summon Small Mammal      Summ           0%         N/A       100%        1
 Blink                    Tloc           0%         N/A       100%        2
 Cigotuvi's Dreadful Rot  Necr/Pois/Air  0%         N/A       100%        2
 Passwall                 Tmut/Erth      0%         N/A       100%        2
 Poisonous Vapours        Pois/Air       0%         N/A       100%        2
 Scorch                   Fire           0%         2d5       100%        2
 Sublimation of Blood     Necr           0%         N/A       100%        2
 Wereblood                Tmut           0%         N/A       100%        2
 Call Canine Familiar     Summ           0%         N/A       100%        3
 Dazzling Flash           Conj/Hex       0%         N/A       100%        3
 Ignite Poison            Fire/Tmut/Pois 0%         N/A       100%        3
 Ozocubu's Armour         Ice            0%         N/A       100%        3
 Stone Arrow              Conj/Erth      0%         3d7       100%        3
 Summon Guardian Golem    Hex/Summ       0%         N/A       100%        3
 Swiftness                Air            0%         N/A       100%        3
 Volatile Blastmotes      Fire/Tloc      0%         2d10      100%        3
 Airstrike                Air            0%         2d(0-16)  100%        4
 Animate Armour           Summ/Erth      0%         N/A       100%        4
 Brom's Barrelling Bould  Conj/Erth      0%         2d3       100%        4
 Flame Wave               Conj/Fire      0%         2d4       100%        4
 Leda's Liquefaction      Hex/Erth       0%         N/A       100%        4
 Manifold Assault         Tloc           0%         N/A       100%        4
 Olgreb's Toxic Radiance  Pois           0%         N/A       100%        4
 Summon Ice Beast         Ice/Summ       0%         N/A       100%        4
 Fireball                 Conj/Fire      0%         3d3       100%        5
 Freezing Cloud           Conj/Ice/Air   0%         6-21      100%        5
 Iskenderun's Battlesphe  Conj           0%         2d6       100%        5
 Lee's Rapid Deconstruct  Erth           0%         3d4*      100%        5
 Metabolic Englaciation   Hex/Ice        0%         N/A       100%        5
 Summon Forest            Summ/Tloc      0%         N/A       100%        5
 Conjure Ball Lightning   Conj/Air       0%         3x3d6     100%        6
 Eringya's Noxious Bog    Tmut/Pois      0%         4d6       100%        6
 Leda's Unmaking          Conj/Erth      0%         9d1       100%        6
 Simulacrum               Ice/Necr       0%         N/A       100%        6
 Starburst                Conj/Fire      0%         6d3       100%        6
 Summon Cactus Giant      Summ           0%         N/A       100%        6
 Monstrous Menagerie      Summ           0%         N/A       100%        7
 Orb of Destruction       Conj           0%         9d5       100%        7
 Ozocubu's Refrigeration  Ice            0%         4d7       100%        7
 Summon Hydra             Summ           0%         N/A       100%        7
 Discord                  Hex            0%         N/A       100%        8
 Disjunction              Tloc           0%         N/A       100%        8
 Lehudib's Crystal Spear  Conj/Erth      0%         10d2      100%        8
 Maxwell's Capacitive Co  Air            0%         ∞         100%        8
 Dragon's Call            Summ           0%         N/A       100%        9
 Polar Vortex             Ice            0%         N/A       100%        9


Dungeon Overview and Level Annotations

Branches:
Dungeon (15/15)            Temple (0/1) D:6            Lair (5/5) D:10
 Shoals (4/4) Lair:3       Spider (4/4) Lair:2        Slime (0/5) Lair:5
    Orc (2/2) D:11            Elf (0/3) Orc:2        Vaults (4/5) D:13
  Crypt (3/3) Vaults:2       Tomb (0/3) Crypt:3      Depths (4/4) D:15
    Zot (5/5) Depths:4

Altars:
Ashenzari
Dithmenos
Fedhas
Kikubaaqudgha
Nemelex Xobeh
Qazlal
Sif Muna
Trog
Uskayaw
Vehumet
Wu Jian
Zin
The Shining One
Jiyva
Lugonu

Shops:
D:3 ?   D:5 (=:   D:9 *   Orc:1 *   Orc:2 *?!   Shoals:2 **=

Portals:
Hell: Depths:1 Depths:2 Depths:3 Depths:4
Abyss: Lair:5 Depths:2 Depths:3
Pandemonium: Depths:2 Depths:4
Trove: Depths:4 (give +4 storm dragon scales)

Annotations:
D:6 1 runed translucent door, exclusion: door, Crazy Yiuf
Lair:1 3 runed translucent doors, exclusion: 3 doors, Vegetabless's ghost, journeyman FoFi
Lair:5 Nessos
Depths:2 exclusion: door
Depths:3 3 runed translucent doors, exclusion: 3 doors, Elubun's ghost, adept TrGl
Zot:5 exclusion: obsidian statue


Innate Abilities, Weirdness & Mutations

((You are very nimble when in or above water. (Stealth+, EV+, Speed+++)))
Your lower body shifts to a powerful aquatic tail in water.
Armour fits poorly on your strangely shaped body.
Your flesh is heat resistant. (rF+)
You are very frail. (-20% HP)


Message History

You impale Ikkien!!
Ikkien convulses.
Ikkien is lightly wounded.
You block Ikkien's attack.
Your shield is strengthened by the Shining One's divine power.
You block Ikkien's attack.
You spit Ikkien like a pig!!!
Ikkien convulses!!
Ikkien is heavily wounded.
Your angel hits Ikkien with a +1 sacred scourge of holy wrath.
Ikkien convulses.
Your angel hits Ikkien with a +1 sacred scourge of holy wrath.
Ikkien convulses.
You impale Ikkien!!
Ikkien convulses!!
Ikkien is heavily wounded.
Ikkien hits you! Space warps around you.
You barely miss Ikkien.
Ikkien is heavily wounded.
Your angel barely misses Ikkien.
Your angel misses Ikkien. You hit Ikkien but do no damage.
Ikkien is heavily wounded.
You block Ikkien's attack.
You impale Ikkien!!
Ikkien convulses!!!
Ikkien is almost dead.
Your angel hits Ikkien with a +1 sacred scourge of holy wrath.
Ikkien convulses.
Your angel hits Ikkien but does no damage.
You closely miss Ikkien.
Ikkien is almost dead.
Ikkien hits you but does no damage. Space warps around you!
Your angel barely misses Ikkien.
Your angel hits Ikkien but does no damage.
You hit Ikkien but do no damage.
Ikkien is almost dead.
You block Ikkien's attack.
You impale Ikkien!!
Ikkien convulses!!!
You kill Ikkien!
The Shining One accepts your kill.
You feel better.
Your extra speed is starting to run out.
There is a staircase leading out of the dungeon here.
You have escaped!

#.##..#............# #.#
#.##...............# #.#
#.#####.#.#..####.######.#
#.#####......##..........#
#............##..........#
#########................#
#####.#.....♣...##
#...A..8....#
##..@.......# ##.........#
#.........# #.........#
###########


You could see a friendly angel (summoned).

Vanquished Creatures
  2 dread liches
  2 orbs of fire
  An ancient lich (Zot:5)
  10 Killer Klowns
  3 curse toes
  4 golden dragons
  2 pandemonium lords
  3 doom hounds (Depths:4)
  3 electric golems
  Arachne (Spider:4)
  A bone dragon (Depths:1)
  12 tentacled monstrosities
  5 liches
  An Ice Fiend (Depths:2)
  Mlioglotl (Spider:4)
  Grunn (Depths:4)
  4 quicksilver dragons
  2 titans (Depths:2)
  22 Orb Guardians (Zot:5)
  Asterion (Spider:4)
  4 death cobs
  3 sphinxes
  Gastronok (D:8)
  4 ancient champions (Crypt:2)
  2 tentacled starspawn (Abyss:1)
  A tengu reaver (Depths:3)
  10 storm dragons
  Aizul (Spider:4)
  7 shadow dragons
  Donald (Spider:1)
  4 draconian monks
  3 fire giants
  2 draconian scorchers
  11 vault wardens
  3 frost giants (Depths:1)
  3 draconian knights
  2 balrugs
  Louise (D:15)
  6 emperor scorpions
  3 iron dragons
  3 orc warlords
  4 curse skulls
  A spriggan defender (Depths:2)
  11 ghost moths
  30 very ugly things
  2 caustic shrike skeletons
  2 draconian stormcallers
  6 ghouls (Crypt:1)
  6 draconian shifters
  6 draconian annihilators
  10 stone giants
  A war gargoyle (Abyss:3)
  A demonspawn corrupter (Zig:3)
  A broodmother (Spider:1)
  A formless jellyfish (Vaults:2)
  10 ironbound preservers
  4 ironbound thunderhulks
  5 vampire knights
  A deep elf demonologist (Vaults:3)
  7 green draconians
  4 purple draconians
  6 yellow draconians
  14 dire elephants
  6 white draconians
  A minotaur (Shoals:4)
  6 red draconians
  7 black draconians
  8 spark wasps
  4 deep elf death magi
  3 eidola
  8 ettins
  6 merfolk impalers
  7 fire dragons
  4 entropy weavers
  9 yaktaur captains
  The ghost of Radamante the Carver, a journeyman MiFi of the Shining One (D:10)
  2 jiangshi
  A peacekeeper (Vaults:1)
  7 ice dragons
  Harold (Lair:1)
  3 spriggan zombies (Crypt:1)
  A spriggan skeleton (Crypt:1)
  2 great orbs of eyes
  5 spriggan air magi
  4 rakshasas (Depths:3)
  14 centaur warriors
  7 hydras
  6 vault guards
  2 radroaches
  An Orb Guardian zombie (Crypt:2)
  2 merfolk avatars
  9 ironbound frosthearts
  2 hell beasts
  2 death knights (Crypt:1)
  4 ogre magi (Orc:2)
  4 jorogumos
  An alligator snapping turtle (Shoals:2)
  An anaconda (shapeshifter) (Depths:2)
  4 boulder beetles
  3 death yaks
  Erica (Lair:1)
  3 catoblepae
  6 deep troll shamans
  16 two-headed ogres
  2 merfolk aquamancers
  5 satyrs (Shoals:4)
  A sphinx skeleton (Depths:1)
  6 demonic crawlers
  A satyr (shapeshifter) (Depths:2)
  7 tengu warriors
  4 vampire magi
  6 deep troll earth magi
  3 thrashing horrors (Lair:5)
  3 spriggan berserkers
  6 soul eaters
  4 sun demons (Depths:2)
  8 iron trolls
  Sonja (Lair:1)
  A deep elf knight (D:13)
  5 skysharks
  10 hell knights
  3 sixfirhies
  2 salamander mystics (Depths:4)
  A goliath frog (shapeshifter) (D:15)
  6 pharaoh ants
  A wretched star (Abyss:3)
  A death drake (Zig:2)
  19 skeletal warriors
  6 sea snakes
  A shadow demon (Zot:5)
  3 glowing orange brains
  A spriggan simulacrum (Depths:2)
  49 deep trolls
  2 sun moths
  4 flayed ghosts
  11 wizards
  A quicksilver dragon simulacrum (Depths:1)
  A bunyip skeleton (Crypt:1)
  A bog body (Crypt:1)
  4 lindwurms
  11 orb spiders
  A golden dragon zombie (Crypt:1)
  9 necromancers
  9 phantasmal warriors
  10 steelbarb worms
  7 orc knights
  17 ironbound convokers
  17 harpies
  A deep elf zephyrmancer (D:13)
  A golden dragon skeleton (Crypt:1)
  5 deep elf pyromancers
  5 large abominations
  2 orc sorcerers (Orc:2)
  18 wolf spiders
  A fire giant zombie (Crypt:2)
  5 salamanders (Depths:4)
  A tengu skeleton (Vaults:2)
  11 fauns
  A will-o-the-wisp (Abyss:1)
  An oklob plant (Shoals:1)
  16 moths of wrath
  5 cyclopes
  2 human skeletons (Vaults:2)
  An eleionoma skeleton (Crypt:1)
  7 black mambas
  A cyclops (shapeshifter) (Depths:2)
  13 manticores
  48 ugly things
  20 elephants
  Joseph (D:8)
  A frost giant skeleton (Vaults:2)
  5 merfolk sirens
  A stone giant skeleton (Depths:2)
  A molten gargoyle (Depths:2)
  6 water nymphs
  3 centaur skeletons (D:13)
  8 smoke demons
  6 torpor snails
  2 orange demons
  18 vault sentinels
  21 cane toads
  An elf skeleton (Vaults:2)
  A cane toad (shapeshifter) (D:13)
  An unseen horror (D:12)
  Psyche (D:8)
  6 komodo dragons
  A hellion (Depths:4)
  Jeremiah (D:6)
  A spark wasp simulacrum (Depths:1)
  2 efreet
  A rime drake (Lair:4)
  An ice devil (Zot:2)
  4 freezing wraiths
  30 yaktaurs
  A guardian mummy (Zot:3)
  3 catoblepas skeletons (Abyss:3)
  A tengu conjurer (D:15)
  An ancient zyme (Abyss:3)
  A sea snake skeleton (Crypt:1)
  2 meliai (Spider:3)
  A harpy zombie (Crypt:1)
  A polar bear (Lair:1)
  2 yaktaur skeletons (Vaults:2)
  23 merfolk
  3 trolls
  A wind drake (Shoals:1)
  17 tarantellas
  4 hornets (Spider:4)
  A hydra skeleton (Crypt:2)
  A raiju (Lair:5)
  29 blink frogs
  A tengu simulacrum (Depths:1)
  A harpy skeleton (Crypt:1)
  7 snapping turtles
  2 dream sheep (Shoals:4)
  45 slime creatures
  A stone giant simulacrum (Depths:2)
  22 jumping spiders
  2 ice dragon skeletons
  Sigmund (D:3)
  2 spriggans (shapeshifter) (D:14)
  4 centaur simulacra
  7 wyverns
  A spriggan (Lair:5)
  2 ettin skeletons (Vaults:2)
  3 shadows
  3 flying skulls (Crypt:2)
  9 wraiths
  A deep troll skeleton (Vaults:2)
  16 culicivoras
  26 yaks
  4 ynoxinuls
  2 vampires (D:11)
  8 water elementals
  6 basilisks
  A yak (shapeshifter) (Vaults:4)
  A steam dragon (Lair:1)
  An unseen horror simulacrum (D:9)
  A fire elemental (Depths:3)
  57 redbacks
  A chaos spawn (Lair:5)
  A tyrant leech zombie (Crypt:2)
  A redback (shapeshifter) (Depths:2)
  9 small abominations
  3 wargs
  11 water moccasins
  2 acid dragons
  Duvessa (D:6)
  A fire bat skeleton (Crypt:1)
  23 orc warriors
  A swamp drake (Zig:2)
  An ogre skeleton (Vaults:2)
  2 moth of wrath simulacra (Zot:2)
  5 ice beasts (D:7)
  5 black bears
  5 boggarts (Vaults:1)
  13 wolves
  25 ogres
  25 centaurs
  3 phantoms
  A komodo dragon zombie (Crypt:1)
  4 kobold brigands
  5 earth elementals (Abyss:3)
  15 bullfrogs
  3 scorpions
  4 gnoll sergeants
  A necrophage (Crypt:1)
  13 wights
  Dowan (D:6)
  4 killer bees (D:8)
  A yak skeleton (Crypt:2)
  5 electric eels
  6 howler monkeys
  A quasit (Abyss:1)
  4 hounds
  6 jellies
  2 sleepcaps
  17 orc priests
  A bullfrog skeleton (Crypt:2)
  2 iguanas
  20 orc wizards
  A boggart skeleton (D:13)
  A tengu zombie (Crypt:1)
  A hound zombie (Crypt:2)
  A hound skeleton (Crypt:1)
  9 adders
  19 gnolls
  3 shadow imps
  6 white imps
  3 ufetubi
  2 worms
  A dart slug (D:1)
  108 orcs
  4 bats
  6 endoplasms
  3 giant cockroaches
  9 goblins
  6 hobgoblins
  15 kobolds
  7 quokkas
  4 ball pythons
  3 frilled lizards (D:2)
  3 rats
  A lurking horror (Abyss:3)
  A starspawn tentacle (Abyss:3)
1833 creatures vanquished.

Vanquished Creatures (collateral kills)
  3 dread liches
  2 orbs of fire (Zot:5)
  A juggernaut (Zot:5)
  Josephina (Zot:2)
  3 Killer Klowns (Zot:5)
  A curse toe (Zot:1)
  2 bone dragons (Abyss:3)
  Rupert (D:15)
  2 tentacled monstrosities
  3 Orb Guardians (Zot:5)
  2 tentacled starspawn
  Ilsuiw (Shoals:3)
  A demonspawn warmonger (Zot:5)
  An emperor scorpion (Spider:1)
  A draconian shifter (Zot:1)
  3 ironbound preservers
  A very ugly thing (Abyss:3)
  2 draconian annihilators (Zot:1)
  3 ironbound thunderhulks
  A demonspawn corrupter (Zot:5)
  A dire elephant (Vaults:2)
  3 black draconians
  2 green draconians (Zot:1)
  A red draconian (Zot:1)
  A spark wasp (Spider:1)
  An eidolon (Crypt:1)
  A starcursed mass (Abyss:1)
  A blizzard demon (Abyss:1)
  A merfolk impaler (Shoals:2)
  A merfolk javelineer (Shoals:4)
  A yaktaur captain (Vaults:3)
  2 jiangshi (Crypt:1)
  An entropy weaver (Spider:3)
  A hydra (Lair:1)
  An ironbound frostheart (Vaults:3)
  A boulder beetle (Abyss:3)
  A spriggan air mage (Depths:2)
  2 satyrs
  An orc high priest (Orc:1)
  2 demonic crawlers (Spider:1)
  A soul eater (Abyss:3)
  2 pharaoh ants
  A death drake (Abyss:3)
  3 sea snakes
  2 deep trolls (Vaults:2)
  A flayed ghost (Crypt:1)
  A harpy (Shoals:4)
  An orc knight (Orc:1)
  An ugly thing (Lair:5)
  4 fauns
  9 wolf spiders
  A manticore (Shoals:4)
  A cyclops (Shoals:4)
  A salamander (Depths:2)
  6 merfolk sirens
  A smoke demon (Abyss:3)
  2 water nymphs
  A yaktaur (Vaults:3)
  A komodo dragon (Lair:5)
  6 catoblepas skeletons (Abyss:3)
  A hellwing (Abyss:1)
  6 merfolk
  A meliai (Spider:3)
  3 trolls (Orc:1)
  6 tarantellas
  2 raiju
  4 blink frogs (Lair:5)
  4 dream sheep (Shoals:4)
  A snapping turtle (Shoals:4)
  5 culicivoras
  A slime creature (Vaults:3)
  A spriggan (Lair:5)
  A shadow (Abyss:3)
  6 jumping spiders
  A ynoxinul (Abyss:3)
  5 basilisks
  2 neqoxecs (Abyss:3)
  A purple draconian simulacrum (Zot:2)
  16 redbacks
  A black draconian simulacrum (Zot:2)
  2 chaos spawn (Lair:5)
  6 small abominations (Lair:5)
  A warg (Orc:1)
  2 large abominations (Abyss:3)
  5 orc warriors (Orc:1)
  2 earth elementals (Abyss:3)
  3 orc priests (Orc:1)
  3 orc wizards (Orc:1)
  14 orcs (Orc:1)
  3 starspawn tentacles
216 creatures vanquished.

Vanquished Creatures (others)
  A fire giant (Depths:1)
  A ghost moth (Spider:4)
  A bloated husk (Zig:2)
  A vampire mosquito (Zig:2)
  An orc (D:7)
  2 foxfires (Abyss:1)
  10 starspawn tentacles
17 creatures vanquished.

Grand Total: 2066 creatures vanquished

Notes
Turn   | Place    | Note
-------+----------+-------------------------------------------
     0 | D:1      | BarneyGumball the Merfolk Gladiator began the quest for the
                  | Orb.
     0 | D:1      | Reached XP level 1. HP: 16/16 MP: 1/1
   153 | D:1      | Reached XP level 2. HP: 22/22 MP: 2/2
   229 | D:1      | Reached skill level 5 in Polearms
   655 | D:1      | Reached XP level 3. HP: 22/27 MP: 3/3
   712 | D:2      | Reached skill level 6 in Polearms
   780 | D:2      | Identified the +1 leather armour of Hucve {Dex+4}
   836 | D:2      | Found a faded altar of an unknown god.
   850 | D:2      | Prayed at the altar of an unknown god.
   850 | D:2      | Became a worshipper of the Shining One
   850 | D:2      | Reached * piety under the Shining One
   855 | D:2      | Reached XP level 4. HP: 32/33 MP: 4/4
  1202 | D:3      | Reached skill level 7 in Polearms
  1347 | D:3      | Reached XP level 5. HP: 33/38 MP: 5/5
  1379 | D:3      | Noticed a phantom
  1419 | D:3      | Killed a phantom
  1420 | D:3      | Reached skill level 8 in Polearms
  1550 | D:3      | Noticed Sigmund
  1559 | D:3      | Killed Sigmund
  1560 | D:3      | Reached skill level 9 in Polearms
  1560 | D:3      | Reached XP level 6. HP: 40/44 MP: 6/6
  1811 | D:3      | Found a radiant altar of Vehumet.
  1822 | D:3      | Found Liucoel's Magic Scroll Shop.
  1830 | D:3      | Bought a scroll of blinking for 105 gold pieces
  1871 | D:4      | Reached skill level 10 in Polearms
  1871 | D:4      | Reached XP level 7. HP: 40/50 MP: 7/7
  2355 | D:5      | Entered Level 5 of the Dungeon
  2365 | D:5      | Reached ** piety under the Shining One
  2368 | D:5      | Reached skill level 11 in Polearms
  2410 | D:5      | Reached skill level 12 in Polearms
  2410 | D:5      | Reached XP level 8. HP: 56/56 MP: 8/8
  2421 | D:5      | Found Vuczik's Tremendous Tomes.
  2659 | D:5      | Identified the +3 quarterstaff "Rolequz" {freeze, rC+
                  | Str+5}
  2677 | D:5      | Reached skill level 13 in Polearms
  2703 | D:5      | Found Tuid's Jewellery Boutique.
  2801 | D:5      | Found Acleaxte's Weapon Boutique.
  2937 | D:5      | Found a bloodstained altar of Trog.
  3144 | D:5      | Reached skill level 14 in Polearms
  3411 | D:6      | Found a staircase to the Ecumenical Temple.
  3475 | D:6      | Noticed Duvessa
  3475 | D:6      | Noticed Dowan
  3618 | D:6      | Reached skill level 1 in Shields
  3618 | D:6      | Reached XP level 9. HP: 61/61 MP: 9/9
  3756 | D:6      | Found a runed translucent door.
  3756 | D:6      | Noticed Crazy Yiuf
  3792 | D:6      | Reached skill level 1 in Evocations
  3958 | D:6      | Noticed Jeremiah
  3969 | D:6      | Killed Jeremiah
  4054 | D:6      | Reached skill level 15 in Polearms
  4170 | D:6      | Killed Duvessa
  4173 | D:6      | Killed Dowan
  4207 | D:7      | Found a sparkling altar of Nemelex Xobeh.
  4295 | D:7      | Reached *** piety under the Shining One
  4678 | D:7      | Found an ornate altar of the Wu Jian Council.
  4866 | D:7      | Reached skill level 1 in Invocations
  5078 | D:7      | Reached XP level 10. HP: 67/67 MP: 11/11
  5481 | D:8      | Noticed Joseph
  5490 | D:8      | Killed Joseph
  5491 | D:8      | Reached skill level 5 in Shields
  5574 | D:8      | Reached skill level 16 in Polearms
  5609 | D:8      | Noticed a two-headed ogre
  5616 | D:8      | Killed a two-headed ogre
  5971 | D:8      | Noticed Gastronok
  5971 | D:8      | Noticed Psyche
  6062 | D:5      | Bought a ring of willpower for 325 gold pieces
  6329 | D:8      | Killed Gastronok
  6330 | D:8      | Reached skill level 5 in Invocations
  6367 | D:8      | Killed Psyche
  6473 | D:8      | Reached XP level 11. HP: 68/72 MP: 15/15
  6759 | D:9      | Reached **** piety under the Shining One
  6883 | D:9      | Noticed a deep elf pyromancer
  6901 | D:9      | Killed a deep elf pyromancer
  7042 | D:9      | Identified the +2 cloak of Barnacled Brilliance {rF+ Str+3}
  7445 | D:9      | Found Ea-nāṣir's Fine Metal Goods.
  7577 | D:10     | Entered Level 10 of the Dungeon
  7679 | D:10     | Noticed Radamante's ghost (journeyman MiFi)
  7682 | D:10     | Found a runed translucent door.
  7875 | D:10     | Noticed a two-headed ogre
  7881 | D:10     | Killed a two-headed ogre
  7882 | D:10     | Reached skill level 5 in Throwing
  7904 | D:10     | Found a viscous altar of Jiyva.
  8042 | D:10     | Identified the +8 flail of the Tortured God {antimagic,
                  | rF+}
  8097 | D:10     | Found a staircase to the Lair.
  8299 | D:10     | Identified the +2 pair of boots "Pyig" {Rampage rF- Regen+}
  8545 | D:10     | Noticed a two-headed ogre
  8549 | D:10     | Killed a two-headed ogre
  8550 | D:10     | Reached skill level 5 in Fighting
  8701 | D:10     | Found a stormy altar of Qazlal.
  8703 | D:10     | Found a glowing silver altar of Zin.
  8705 | D:10     | Found a shadowy altar of Dithmenos.
  8707 | D:10     | Found an ancient bone altar of Kikubaaqudgha.
  8709 | D:10     | Found a glowing golden altar of the Shining One.
  8855 | D:11     | You fall into a shaft and drop 1 floor!
  8860 | D:12     | Noticed a manticore
  8965 | D:12     | Noticed an orc knight
  8980 | D:12     | Killed an orc knight
  8981 | D:12     | Reached XP level 12. HP: 71/87 MP: 16/16
  9197 | D:12     | HP: 4/88 [slime creature (11)]
  9357 | D:12     | Noticed a boulder beetle
  9368 | D:12     | Killed a boulder beetle
  9372 | D:12     | Reached skill level 5 in Armour
  9444 | D:12     | Found a broken altar of Ashenzari.
  9780 | D:11     | Identified the +1 orcbow "Impbane" {flame, rElec Dex+4}
  9892 | D:11     | Noticed a boulder beetle
  9914 | D:11     | Killed a boulder beetle
  9988 | D:11     | Reached ***** piety under the Shining One
 10522 | D:11     | Found a staircase to the Orcish Mines.
 10772 | Lair:1   | Entered Level 1 of the Lair of Beasts
 10772 | Lair:1   | Noticed Erica
 10777 | Lair:1   | Killed Erica
 10817 | D:10     | Identified a scroll of acquirement
 10817 | D:10     | Acquired 472 gold pieces
 10957 | D:3      | Bought a scroll of teleportation for 42 gold pieces
 10957 | D:3      | Bought a scroll of fear for 56 gold pieces
 10957 | D:3      | Bought a scroll of fog for 56 gold pieces
 10957 | D:3      | Bought a scroll of teleportation for 42 gold pieces
 10957 | D:3      | Bought a scroll of immolation for 56 gold pieces
 11130 | Lair:1   | Reached skill level 5 in Evocations
 11142 | Lair:1   | Reached XP level 13. HP: 96/96 MP: 19/19
 11237 | Lair:1   | Reached skill level 10 in Shields
 11244 | Lair:1   | Noticed Vegetabless's ghost (journeyman FoFi)
 11245 | Lair:1   | Noticed a minotaur
 11459 | Lair:1   | Found a runed translucent gate.
 11459 | Lair:1   | Found a runed translucent gate.
 11461 | Lair:1   | Found a runed translucent gate.
 11467 | Lair:1   | Found the ring of the Tortoise {AC+8}
 11515 | Lair:1   | Noticed Harold
 11535 | Lair:1   | Killed Harold
 11735 | Lair:1   | Noticed Sonja
 11790 | Lair:1   | Killed Sonja
 12364 | Lair:2   | Found a hole to the Spider Nest.
 12524 | Lair:2   | Reached skill level 10 in Invocations
 13051 | Lair:3   | Reached XP level 14. HP: 85/103 MP: 21/21
 13072 | Lair:3   | Identified the +7 longbow of Context {antimagic, Drain
                  | Dex+2 SInv}
 13224 | Lair:3   | Found a staircase to the Shoals.
 15280 | Lair:5   | Entered Level 5 of the Lair of Beasts
 15964 | Abyss:1  | Cast into level 1 of the Abyss (spriggan)
 16046 | Abyss:1  | Reached XP level 15. HP: 108/108 MP: 24/24
 16109 | Abyss:1  | Noticed a tentacled starspawn
 16120 | Abyss:1  | Killed a tentacled starspawn
 16137 | Abyss:1  | Reached skill level 10 in Armour
 16157 | Abyss:1  | Noticed a tentacled starspawn
 16164 | Abyss:1  | Killed a tentacled starspawn
 16193 | Abyss:1  | Noticed a tentacled starspawn
 16197 | Abyss:1  | Killed a tentacled starspawn
 16201 | Lair:5   | Escaped the Abyss
 16273 | Lair:5   | Found a corrupted altar of Lugonu.
 16273 | Lair:5   | Found a one-way gate to the infinite horrors of the Abyss.
 16281 | Lair:5   | Got a lithographed
 16447 | Lair:5   | Found a staircase to the Slime Pits.
 16447 | Lair:5   | Found a viscous altar of Jiyva.
 16606 | Lair:5   | Noticed Nessos
 17541 | D:13     | Found a gate to the Vaults.
 18203 | D:14     | Reached ****** piety under the Shining One
 18488 | D:15     | Entered Level 15 of the Dungeon
 18715 | D:15     | Found a staircase to the Depths.
 18735 | D:15     | Noticed Rupert
 18752 | D:15     | Killed Rupert
 18802 | D:15     | Noticed Louise
 18809 | Abyss:2  | Cast into level 2 of the Abyss (Louise)
 18826 | Abyss:2  | Noticed a lich
 18881 | Abyss:3  | Noticed a bone dragon
 18888 | Abyss:3  | Killed a bone dragon
 18889 | Abyss:3  | Reached XP level 16. HP: 107/121 MP: 15/26
 18941 | Abyss:3  | Noticed a tentacled starspawn
 18947 | Abyss:3  | Killed a tentacled starspawn
 18954 | Abyss:3  | Noticed a dread lich
 18956 | Abyss:3  | Gained mutation: You do not regenerate when monsters are
                  | visible. [a neqoxec]
 18961 | Abyss:3  | Reached skill level 10 in Fighting
 18964 | Abyss:3  | Killed a dread lich
 19144 | Abyss:3  | Noticed a bone dragon
 19158 | Abyss:3  | Killed a bone dragon
 19173 | Abyss:3  | Reached skill level 15 in Invocations
 19192 | Abyss:3  | Got an abyssal rune of Zot
 19290 | D:15     | Escaped the Abyss
 19331 | D:15     | Killed Louise
 19411 | D:14     | Lost mutation: You do not regenerate when monsters are
                  | visible. [potion of mutation]
 19411 | D:14     | Gained mutation: You passively map a small area around you.
                  | [potion of mutation]
 19411 | D:14     | Gained mutation: Your flesh is cold resistant. (rC+)
                  | [potion of mutation]
 19738 | D:15     | Found a shimmering blue altar of Sif Muna.
 20201 | Orc:1    | Entered Level 1 of the Orcish Mines
 20711 | Orc:1    | Found Jetsur's CLEARANCE SALE!.
 20716 | Orc:1    | Bought a scroll of enchant armour for 37 gold pieces
 20975 | Orc:2    | Entered Level 2 of the Orcish Mines
 20975 | Orc:2    | Found a staircase to the Elven Halls.
 21025 | Orc:2    | Paralysed by an orc sorcerer for 3 turns
 21142 | Orc:2    | Paralysed by an ogre mage for 5 turns
 21181 | Orc:2    | Reached XP level 17. HP: 136/136 MP: 28/28
 21367 | Orc:2    | Found Faes's Distillery.
 21369 | Orc:2    | Found Ituimeor's Distillery.
 21369 | Orc:2    | Found Ugeoqag's Magic Scroll Boutique.
 21369 | Orc:2    | Found Vafefiqe's General Store.
 21376 | Orc:2    | Bought a potion of resistance for 150 gold pieces
 21376 | Orc:2    | Bought a potion of haste for 150 gold pieces
 21376 | Orc:2    | Bought a potion of lignification for 45 gold pieces
 21377 | Orc:2    | Bought a scroll of identify for 24 gold pieces
 21377 | Orc:2    | Bought a scroll of butterflies for 48 gold pieces
 21897 | Shoals:1 | Entered Level 1 of the Shoals
 22010 | Shoals:1 | Found a blossoming altar of Fedhas.
 22772 | Shoals:2 | Found Sisesacy's General Store.
 22820 | Shoals:2 | Found Myusm's Jewellery Shop.
 22835 | Shoals:2 | Found Qotraqosk's Specific Store.
 24266 | Shoals:3 | Noticed Ilsuiw
 24279 | Shoals:3 | Killed Ilsuiw
 24414 | Shoals:3 | Identified the +0 pair of boots "Nautirufi" {Fly}
 24609 | Shoals:4 | Entered Level 4 of the Shoals
 24957 | Shoals:4 | Reached XP level 18. HP: 147/147 MP: 30/30
 25255 | Shoals:4 | Reached skill level 10 in Evocations
 25302 | Shoals:4 | Reached skill level 15 in Fighting
 25626 | Shoals:4 | Got a barnacled rune of Zot
 25785 | Spider:1 | Entered Level 1 of the Spider Nest
 25998 | Spider:1 | Was placed under penance by the Shining One
 26000 | Spider:1 | Upgraded the game from 0.31-a0-771-g505c3d1 to
                  | 0.31-a0-774-g0d66cba
 26012 | Spider:1 | Noticed Donald
 26042 | Spider:1 | Killed Donald
 26200 | Spider:1 | Identified the +1 scale mail of Moyng {+Inv Slay+6}
 26830 | Spider:2 | Found the +27 heavy crossbow "Sniper" {heavy, Acc+∞ SInv}
 27111 | Spider:1 | Paralysed by a jorogumo for 1 turns
 27487 | Spider:1 | Reached skill level 5 in Dodging
 27691 | D:5      | Bought the ring "Cogack Vowk" {rN+ SInv} for 405 gold
                  | pieces
 28966 | Spider:3 | Was forgiven by the Shining One
 29250 | Spider:3 | Paralysed by a jorogumo for 3 turns
 29256 | Spider:3 | Reached XP level 19. HP: 143/155 MP: 31/31
 30668 | Spider:4 | Entered Level 4 of the Spider Nest
 30755 | Spider:4 | Noticed Aizul
 30782 | Spider:4 | Killed Aizul
 30817 | Spider:4 | Noticed Asterion
 30835 | Spider:4 | Killed Asterion
 30865 | Spider:4 | Noticed Arachne
 30941 | Spider:4 | Was placed under penance by the Shining One
 31352 | Spider:4 | Paralysed by a jorogumo for 3 turns
 31392 | Spider:4 | Killed Arachne
 31968 | Spider:4 | Gained mutation: You sometimes lose your temper in combat.
                  | [mutagenic glow]
 32143 | Spider:4 | Noticed Mlioglotl
 32171 | Spider:4 | Killed Mlioglotl
 32990 | Spider:4 | Was forgiven by the Shining One
 33001 | Spider:4 | Reached skill level 10 in Throwing
 33001 | Spider:4 | Reached skill level 15 in Shields
 33065 | Spider:4 | Got a gossamer rune of Zot
 33481 | Vaults:1 | Entered Level 1 of the Vaults
 33545 | Vaults:1 | Lost mutation: You passively map a small area around you.
                  | [potion of mutation]
 33545 | Vaults:1 | Lost mutation: Your flesh is cold resistant. (rC+) [potion
                  | of mutation]
 33545 | Vaults:1 | Gained mutation: You have an increased reservoir of magic.
                  | (+10% MP) [potion of mutation]
 33545 | Vaults:1 | Gained mutation: You have hidden genetic defects. [potion
                  | of mutation]
 33545 | Vaults:1 | Gained mutation: You have a pair of small horns on your
                  | head. [potion of mutation]
 33545 | Vaults:1 | Gained mutation: You are strong-willed. (Will+) [potion of
                  | mutation]
 33546 | Vaults:1 | Lost mutation: You have a pair of small horns on your head.
                  | [potion of mutation]
 33546 | Vaults:1 | Lost mutation: You sometimes lose your temper in combat.
                  | [potion of mutation]
 33546 | Vaults:1 | Gained mutation: Your body sometimes deteriorates upon
                  | taking damage. [potion of mutation]
 33546 | Vaults:1 | Gained mutation: Your body often deteriorates upon taking
                  | damage. [potion of mutation]
 33547 | Vaults:1 | Lost mutation: You have hidden genetic defects. [potion of
                  | mutation]
 33547 | Vaults:1 | Lost mutation: You are strong-willed. (Will+) [potion of
                  | mutation]
 33547 | Vaults:1 | Lost mutation: Your body often deteriorates upon taking
                  | damage. [potion of mutation]
 33547 | Vaults:1 | Gained mutation: Your body often deteriorates upon taking
                  | damage. [potion of mutation]
 33547 | Vaults:1 | Gained mutation: You have supernaturally acute eyesight.
                  | (SInv) [potion of mutation]
 33548 | Vaults:1 | Lost mutation: You have an increased reservoir of magic.
                  | (+10% MP) [potion of mutation]
 33548 | Vaults:1 | Lost mutation: You have supernaturally acute eyesight.
                  | (SInv) [potion of mutation]
 33548 | Vaults:1 | Gained mutation: You are agile. (Dex +4, Str/Int -1)
                  | [potion of mutation]
 33549 | Vaults:1 | Lost mutation: Your body often deteriorates upon taking
                  | damage. [potion of mutation]
 33549 | Vaults:1 | Lost mutation: Your body sometimes deteriorates upon taking
                  | damage. [potion of mutation]
 33549 | Vaults:1 | Lost mutation: You are agile. (Dex +4, Str/Int -1) [potion
                  | of mutation]
 33549 | Vaults:1 | Gained mutation: Your magical capacity is low. (-10% MP)
                  | [potion of mutation]
 33549 | Vaults:1 | Gained mutation: Armour fits poorly on your strangely
                  | shaped body. [potion of mutation]
 33549 | Vaults:1 | Gained mutation: You passively dampen the noise of your
                  | surroundings. [potion of mutation]
 34168 | Vaults:1 | Reached skill level 10 in Dodging
 34431 | Vaults:1 | Reached XP level 20. HP: 60/162 MP: 20/30
 35482 | Vaults:2 | Found a staircase to the Crypt.
 35486 | Crypt:1  | Entered Level 1 of the Crypt
 36965 | Crypt:2  | Identified a +6 trishula of holy wrath (a +4 demon trident
                  | of venom blessed by the Shining One)
 36965 | Crypt:2  | Received a gift from the Shining One
 37408 | Vaults:2 | Identified the +0 scale mail "Nytwutoz" {rF+ rC+ rCorr
                  | Int-4}
 38074 | Vaults:2 | Reached XP level 21. HP: 166/172 MP: 31/31
 39842 | Vaults:3 | You fall into a shaft and drop 1 floor!
 39846 | Vaults:4 | Found a flickering gateway to a bazaar.
 39865 | Bazaar   | Entered a bazaar
 39865 | Bazaar   | Found Giucvima's Magic Scroll Shop.
 39890 | Bazaar   | Found Deceuf's General Store.
 39891 | Bazaar   | Bought a scroll of teleportation for 39 gold pieces
 39891 | Bazaar   | Bought a scroll of teleportation for 39 gold pieces
 39891 | Bazaar   | Bought a scroll of teleportation for 39 gold pieces
 39898 | Bazaar   | Bought a scroll of teleportation for 18 gold pieces
 39928 | Bazaar   | Found Aharomm's Assorted Antiques.
 39931 | Bazaar   | Found Heimeen's General Store.
 39932 | Bazaar   | Bought a potion of haste for 200 gold pieces
 39939 | Bazaar   | Bought a potion of might for 44 gold pieces
 39939 | Bazaar   | Bought a potion of curing for 33 gold pieces
 39966 | Bazaar   | Bought a scroll of brand weapon for 123 gold pieces
 40026 | Vaults:4 | Identified the +0 robe of Vuhuhirch {Contam rElec Str+2}
 40119 | Vaults:4 | Reached skill level 17 in Polearms
 41748 | D:10     | Killed Radamante's ghost
 42289 | Vaults:4 | Reached XP level 22. HP: 184/184 MP: 32/32
 42684 | Depths:1 | Entered Level 1 of the Depths
 42758 | Depths:1 | You fall into a shaft and drop 1 floor!
 42764 | Depths:2 | Reached skill level 18 in Polearms
 43381 | Depths:2 | Found a one-way gate leading to the halls of Pandemonium.
 43859 | Depths:2 | Found a gateway to Hell.
 44033 | Depths:2 | Reached skill level 19 in Polearms
 44571 | Depths:3 | Found a hide-covered altar of Uskayaw.
 44690 | Depths:3 | Found a runed translucent gate.
 44690 | Depths:3 | Found a runed translucent gate.
 44690 | Depths:3 | Found a runed translucent gate.
 45370 | Depths:3 | Reached skill level 15 in Armour
 45613 | Depths:3 | Reached XP level 23. HP: 195/195 MP: 33/33
 45646 | Depths:3 | Found a runed translucent gate.
 45646 | Depths:3 | Found a runed translucent gate.
 45652 | Depths:3 | Found a runed translucent gate.
 45652 | Depths:3 | Noticed Elubun's ghost (adept TrGl)
 45685 | Depths:4 | Entered Level 4 of the Depths
 45776 | Depths:4 | Found a gate to the Realm of Zot.
 45900 | Depths:4 | Reached skill level 20 in Polearms
 46123 | Depths:4 | Found a one-way gateway to a ziggurat.
 46132 | Depths:4 | Found a portal to a secret trove of treasure.
 46483 | Depths:4 | Noticed a golden dragon
 46504 | Depths:4 | Killed a golden dragon
 46619 | Depths:4 | Noticed Grunn
 46639 | Depths:4 | Killed Grunn
 47252 | Zot:1    | Entered Level 1 of the Realm of Zot
 47547 | Zot:1    | Noticed a golden dragon
 47564 | Zot:1    | Killed a golden dragon
 47863 | Depths:1 | Reached skill level 21 in Polearms
 48361 | Depths:1 | Found a stormy altar of Qazlal.
 48593 | Depths:1 | Found an ornate altar of the Wu Jian Council.
 48883 | Depths:1 | Reached XP level 24. HP: 208/208 MP: 33/33
 50155 | Zot:1    | Noticed a curse toe
 50164 | Zot:1    | Killed a curse toe
 50165 | Zot:1    | Reached skill level 22 in Polearms
 51063 | Zot:2    | Noticed an orb of fire
 51080 | Zot:2    | Gained mutation: You occasionally lose the ability to drink
                  | potions when taking damage. [an orb of fire]
 51084 | Zot:2    | Gained mutation: You are weak. (Str -2) [an orb of fire]
 51090 | Zot:2    | Killed an orb of fire
 51098 | Zot:1    | Lost mutation: You passively dampen the noise of your
                  | surroundings. [potion of mutation]
 51098 | Zot:1    | Lost mutation: You are weak. (Str -2) [potion of mutation]
 51098 | Zot:1    | Lost mutation: You occasionally lose the ability to drink
                  | potions when taking damage. [potion of mutation]
 51098 | Zot:1    | Gained mutation: You have a pair of small antennae on your
                  | head. [potion of mutation]
 51098 | Zot:1    | Gained mutation: Your flesh is heat resistant. (rF+)
                  | [potion of mutation]
 51966 | Zot:2    | Identified the ring of Zohay {Ice MP+9 Int-4 Stlth+}
 51966 | Zot:2    | Noticed Josephina
 51975 | Zot:2    | Killed Josephina
 52697 | Zot:3    | Reached skill level 23 in Polearms
 52741 | Zot:3    | Noticed a dread lich
 52748 | Zot:3    | Killed a dread lich
 53071 | Zot:3    | Noticed a Killer Klown
 53091 | Zot:3    | Killed a Killer Klown
 53924 | Zot:3    | Noticed a Killer Klown
 53943 | Zot:3    | Killed a Killer Klown
 53975 | Zot:3    | Noticed a curse toe
 54000 | Zot:3    | Killed a curse toe
 54154 | Zot:4    | Noticed a curse toe
 54165 | Zot:4    | Killed a curse toe
 54459 | Zot:4    | Reached XP level 25. HP: 219/219 MP: 33/33
 54544 | Zot:4    | Identified the +0 leather armour of Lamn {rF++ Str-2 Int+2
                  | Dex+2}
 55034 | Zig:1    | Entered Level 1 of a ziggurat
 55063 | Zig:2    | Entered Level 2 of a ziggurat
 55098 | Zig:3    | Entered Level 3 of a ziggurat
 55101 | Zig:3    | Noticed Syzilig the pandemonium lord
 55110 | Zig:3    | Killed Syzilig the pandemonium lord
 55278 | Zot:5    | Entered Level 5 of the Realm of Zot
 55279 | Zot:5    | Noticed a dread lich
 55280 | Zot:5    | Noticed a dread lich
 55280 | Zot:5    | Noticed a Killer Klown
 55280 | Zot:5    | Noticed an orb of fire
 55281 | Zot:5    | Noticed a Killer Klown
 55281 | Zot:5    | Noticed an orb of fire
 55281 | Zot:5    | Gained mutation: You are frail. (-10% HP) [an orb of fire]
 55287 | Zot:5    | Noticed a Killer Klown
 55287 | Zot:5    | Noticed a Killer Klown
 55288 | Zot:5    | Noticed a Killer Klown
 55289 | Zot:5    | Killed a dread lich
 56452 | Zot:5    | Reached skill level 24 in Polearms
 56482 | Zot:5    | Killed a Killer Klown
 56542 | Zot:5    | Killed a Killer Klown
 57734 | Zot:5    | Gained mutation: You are very frail. (-20% HP) [an orb of
                  | fire]
 57737 | Zot:5    | Noticed a Killer Klown
 57744 | Zot:5    | Killed an orb of fire
 57747 | Zot:5    | a Killer Klown changed into a juggernaut
 57747 | Zot:5    | Noticed a juggernaut
 57753 | Zot:5    | Killed a juggernaut
 57755 | Zot:5    | Gained mutation: You occasionally shout uncontrollably at
                  | your foes. [an orb of fire]
 57759 | Zot:5    | Killed an orb of fire
 57761 | Zot:5    | Killed a dread lich
 57779 | Zot:5    | Killed a Killer Klown
 57786 | Zot:5    | Killed a Killer Klown
 57818 | Zot:5    | Noticed a Killer Klown
 57855 | Zot:5    | Noticed an orb of fire
 57860 | Zot:5    | Killed a Killer Klown
 57875 | Zot:5    | Killed an orb of fire
 57939 | Zot:5    | Noticed an ancient lich
 57962 | Zot:5    | Killed an ancient lich
 58039 | Zot:5    | Noticed a Killer Klown
 58042 | Zot:5    | Noticed a Killer Klown
 58070 | Zot:5    | Killed a Killer Klown
 58071 | Zot:5    | Reached skill level 25 in Polearms
 58078 | Zot:5    | Killed a Killer Klown
 58132 | Zot:5    | Noticed a Killer Klown
 58148 | Zot:5    | Killed a Killer Klown
 58224 | Zot:5    | Lost mutation: You have a pair of small antennae on your
                  | head. [potion of mutation]
 58224 | Zot:5    | Lost mutation: You occasionally shout uncontrollably at
                  | your foes. [potion of mutation]
 58224 | Zot:5    | Lost mutation: Your magical capacity is low. (-10% MP)
                  | [potion of mutation]
 58371 | Zot:5    | Reached XP level 26. HP: 126/184 MP: 38/38
 58528 | Zot:5    | Noticed a Killer Klown
 58542 | Zot:5    | Killed a Killer Klown
 58548 | Zot:5    | Noticed a dread lich
 58548 | Zot:5    | Noticed a Killer Klown
 58567 | Zot:5    | Killed a dread lich
 58573 | Zot:5    | Killed a Killer Klown
 58576 | Zot:5    | Killed a Killer Klown
 59637 | Crypt:3  | Entered Level 3 of the Crypt
 60229 | Zot:5    | Got the Orb of Zot
 60889 | D:1      | Noticed Ikkien the pandemonium lord
 60903 | D:1      | Killed Ikkien the pandemonium lord
 60940 | D:$      | Escaped with the Orb!

Illustrated notes

Levels and vault maps discovered:
D:1:      wander_arrival_peaceful_grave, layout_loops_ring, feat_on_display
D:2:      layout_rooms, nicolae_ecumenical_lake_church,
          nicolae_twisty_statue_hallways
D:3:      layout_rooms, vehumet_crystals, serial_shops, shop, kennysheep_donut,
          uniq_sigmund
D:4:      layout_cave_pools
D:5:      layout_gridville, mainiacjoe_overflow_small_starburst,
          serial_park_tiny_2, nicolae_wooded_promenade,
          nicolae_shop_i_like_big_books
D:6:      layout_gridville, minmay_temple_entry_tees, uniq_jeremiah,
          uniq_crazy_yiuf_cottage, uniq_duvessa
D:7:      layout_loops_corners, marbit_many_paths,
          mainiacjoe_overflow_concentric_impassable,
          hangedman_decor_peaks_small, minmay_increasing_density
D:8:      minmay_spotlight, layout_loops_ring, uniq_gastronok, uniq_psyche,
          uniq_joseph
D:9:      layout_irregular_city, chequers_serial_rivers_micro_c,
          minivault_25_ag, nicolae_ea-nasir_strikes_again
D:10:     layout_loops_ring, minitemple, minmay_lair_entry_grove,
          hellmonk_ghost_happy_afterlife, jiyva_altar_1
D:11:     layout_basic, david_orc_4
D:12:     layout_roguey [special_room_orc], nicolae_ashenzari_skybound
D:13:     layout_roguey, hangedman_vaults_entry_quadrant_bands
D:14:     layout_basic
D:15:     grunt_enter_depths_giant_problem, layout_basic, lemuel_doored_altar,
          serial_ice, serial_ice_a, serial_ice_h, serial_ice_g, serial_ice_i,
          portal_ice_cave_entry_pillars_2, kennysheep_inner_square, uniq_rupert,
          uniq_louise
Lair:1:   layout_chaotic_city, maelrawn_ghost_gauntlet_escape,
          infiniplex_staircase_pool_2, uniq_sonja, uniq_harold, uniq_erica
Lair:2:   layout_small_grid, spider_nest_entry_rubble
Lair:3:   dreamdust_cave_troll, layout_cave_pods, minmay_shoals_entry_centaurs
Lair:4:   layout_concentric_octagons, gauntlet_entry_generic
Lair:5:   hellmonk_lair_end_abyssal_woods, layout_cave_shapes, slime_entry_1,
          grunt_megastairs_5, uniq_nessos
Shoals:1: layout_shoals, lemuel_oklob_altar
Shoals:2: layout_shoals, serial_shops, shop, nicolae_specific_store
Shoals:3: layout_shoals, uniq_ilsuiw
Shoals:4: shoals_end_hellmonk_lost_city
Spider:1: layout_spider_delve, uniq_donald
Spider:2: layout_spider_delve
Spider:3: layout_chambers
Spider:4: spider_rune_water, nicolae_spider_orb_run, uniq_mlioglotl,
          uniq_arachne, uniq_asterion, uniq_aizul
Orc:1:    minmay_goldmine, layout_diamond_mine, nicolae_shop_clearance
Orc:2:    st_orc_ogre_mass, layout_caves, basic_altar, minmay_orc_temple_b
Vaults:1: hangedman_vaults_variations, nicolae_vaults_trapezoid_lopsided_2,
          nicolae_vaults_wine_cellar, vaults_room_stairs_pillars,
          vaults_dpeg_emergency_exit, grunt_vaults_hallway_long,
          nicolae_vaults_diamond_2, v_alt_pattern_5,
          nicolae_vaults_storage_room_glass, vaults_room_corners,
          ontoclasm_vaults_decontamination, layout_vaults_omnigrid
Vaults:2: lightli_enter_wizlab_magi_temple, nicolae_vaults_network_barrier,
          nicolae_vaults_sesquioval_fish, ontoclasm_vaults_eye,
          minmay_crypt_entry_skeletal_spiral, vaults_dpeg_hooks,
          nicolae_vaults_offset_grid_hallway_3,
          nicolae_vaults_offset_grid_hallway_4, v_misc_3,
          nicolae_vaults_three_branches, vaults_room_ringed_pool,
          grunt_vaults_hallway_short, layout_vaults_omnicross
Vaults:3: nicolae_vaults_wrenched, dpeg_vaults_monster_box, v_misc_16,
          hangedman_vaults_capsules, nicolae_vaults_antechamber_and_loot_room,
          nicolae_vaults_diagonal_hallway_8, nicolae_vaults_house_1,
          nicolae_vaults_more_shelving_2, v_pattern_1, grunt_vaults_swirl,
          v_misc_17, vaults_room_pool, layout_vaults_ring
Vaults:4: nicolae_vaults_storage_room_statues, v_misc_16,
          nicolae_vaults_little_squares_2, nicolae_vaults_big_ls,
          hangedman_vaults_cutoff, nicolae_vaults_little_squares_4,
          nicolae_vaults_more_shelving_1, nicolae_vaults_security_offices_2,
          v_misc_15, nicolae_vaults_oval_intersection,
          nicolae_vaults_trapezoid_1, nicolae_vaults_mini_display_case,
          layout_vaults_big_room, serial_shops, freezing_bzr
Crypt:1:  layout_misc_corridors, grunt_ministairs_5,
          roderic_lattice_octagonal_star
Crypt:2:  layout_gridlike
Crypt:3:  evilmike_haunted_forest
Depths:1: layout_basic, grunt_mini_vestibule, nicolae_wu_jian_wuxing_cycle,
          skrybe_limestone_x, nicolae_qazlal_general_emergency,
          grunt_megastairs_1
Depths:2: minmay_bloctagon_deflated, layout_twisted_cross, hellmouth_3,
          rand_demon_pan_entry_1, hex_medium, abyss_entry_glasseish,
          nicolae_danse_macabre, infiniplex_staircase_split_hallway,
          serial_bayou_shore_b
Depths:3: cheibrodos_lost_city_excavation, layout_gridlike,
          hangedman_tar_grid_catacomb, serial_bayou_pond_e,
          ploomutoo_gammafunk_ghost_potion_laboratory, abyss_entry,
          dancing_weapons_uskayaw
Depths:4: grunt_zot_entry_tricorne, layout_basic, enter_ziggurat_a,
          minmay_misc_feat_plants, hell_entry, nicolae_trove_entry_diagonal,
          rand_demon_pan_entry_4, uniq_grunn
Zot:1:    layout_cathedral_of_symmetry
Zot:2:    layout_gridlike, uniq_josephina
Zot:3:    layout_basic, hangedman_player_shredder
Zot:4:    layout_onion_interference, hangedman_zot_diagonal_lockstep
Zot:5:    layout_twisted_circle

Skill      XL: |  1  2  3  4  5  6  7  8  9 10 11 12 13 14 15 16 17 18 19 20 21 22 23 24 25 26 |
---------------+-------------------------------------------------------------------------------+-----
Polearms       | 5 6 7 9 10 12 14 15 16 17 19 21 23 25 | 25.8
Shields        | 1 4 6 8 9 11 12 14 15 | 15.0
Evocations     | 4 5 7 9 10 | 10.0
Invocations    | 2 5 6 8 10 12 14 15 16 17 18 19 20 21 22 23 | 23.3
Throwing       | 3 6 8 10 11 | 11.0
Armour         | 2 4 5 7 9 11 12 13 14 15 16 | 16.0
Fighting       | 5 7 9 13 14 15 16 18 19 21 22 23 24 | 24.2
Dodging        | 6 10 | 10.0

Action                     |  1- 3 |  4- 6 |  7- 9 | 10-12 | 13-15 | 16-18 | 19-21 | 22-24 | 25-27 || total
---------------------------+-------+-------+-------+-------+-------+-------+-------+-------+-------++-------
  Melee: Trident           |    89 |    81 |       |       |       |   140 |  2813 |       |       ||  3123
         Halberd           |       |    16 |   200 |   470 |   800 |  1051 |       |       |       ||  2537
         Tailslap          |       |       |       |       |     2 |    21 |     2 |       |       ||    25
         Hand axe          |       |       |       |       |    79 |       |       |       |       ||    79
         Trishula          |       |       |       |       |       |       |    61 |  2106 |   679 ||  2846
  Throw: Dart              |       |     8 |    15 |    48 |    29 |    89 |    14 |    33 |     5 ||   241
         Javelin           |       |     1 |     3 |    16 |    15 |    27 |    20 |     8 |    22 ||   112
         Throwing net      |       |     1 |     3 |     2 |       |       |       |       |       ||     6
 Invoke: Divine Shield     |       |       |     1 |     4 |     4 |     3 |     1 |     2 |     2 ||    17
         Cleansing Flame   |       |       |       |     1 |     1 |     2 |     7 |    13 |     4 ||    28
         Summon Divine War |       |       |       |       |     5 |    12 |     9 |     8 |    13 ||    47
         Brand Weapon With |       |       |       |       |       |       |     1 |       |       ||     1
  Evoke: Wand              |       |       |     4 |     6 |    10 |     7 |     2 |     7 |     3 ||    39
         Condenser vane    |       |       |       |       |       |       |     2 |     1 |       ||     3
    Use: Scroll            |       |       |     7 |    19 |     5 |    12 |    21 |     8 |     7 ||    79
         Potion            |       |       |       |     4 |     3 |    20 |    18 |     8 |     6 ||    59
   Stab: Sleeping          |     1 |       |       |       |       |       |       |       |       ||     1
 Armour: Scale mail        |    29 |       |       |       |       |   338 |       |       |       ||   367
         Leather armour    |     5 |    26 |    89 |   190 |       |       |       |       |       ||   310
         Plate armour      |       |       |       |    87 |  1162 |  1169 |  1442 |   482 |       ||  4342
         Troll leather arm |       |       |       |    30 |       |       |       |       |       ||    30
         Skin              |       |       |       |       |       |       |    71 |       |       ||    71
         Gold dragon scale |       |       |       |       |       |       |       |   529 |   364 ||   893
  Dodge: Dodged            |    38 |    38 |   130 |   253 |   417 |   533 |   521 |   320 |    93 ||  2343
  Block: Other             |       |       |     7 |    21 |     4 |    16 |       |       |       ||    48
         Kite shield       |       |       |       |       |    63 |    53 |  1384 |  1018 |   261 ||  2779
         Reflection        |       |       |       |       |       |       |    30 |    17 |    14 ||    61

Table legend: (Time is in decaauts)
 A = Elapsed time spent in this place.
 B = Non-inter-level travel time spent in this place.
 C = Inter-level travel time spent in this place.
 D = Time resting spent in this place.
 E = Time spent auto-exploring this place.
 F = Levels seen in this place.
 G = Mean time per level.
                   A        B        C        D        E       F      G
               +--------+--------+--------+--------+--------+-----+--------+
         Total |  58600 |  50202 |   8398 |   4149 |  27806 |  53 | 1105.7 |
       Dungeon |  15752 |  12863 |   2889 |    612 |   8659 |  15 | 1050.1 |
          Lair |   5826 |   4882 |    944 |    119 |   3232 |   5 | 1165.2 |
        Shoals |   3266 |   3095 |    171 |    269 |   1509 |   4 |  816.5 |
   Spider Nest |   6684 |   6111 |    573 |   1559 |   1911 |   4 | 1671.0 |
  Orcish Mines |   1538 |   1348 |    190 |      0 |    848 |   2 |  769.0 |
        Vaults |   7380 |   6009 |   1371 |    306 |   3356 |   4 | 1845.0 |
         Crypt |   2538 |   2104 |    434 |    112 |   1099 |   3 |  846.0 |
        Depths |   6394 |   5446 |    948 |    473 |   2902 |   4 | 1598.5 |
           Zot |   8255 |   7379 |    876 |    682 |   4218 |   5 | 1651.0 |
         Abyss |    733 |    733 |      0 |     13 |      0 |   3 |  244.3 |
      Ziggurat |     86 |     86 |      0 |      0 |      0 |   3 |   28.7 |
        Bazaar |    142 |    142 |      0 |      0 |     69 |   1 |  142.0 |
               +--------+--------+--------+--------+--------+-----+--------+

Top non-repeatable levels by time:
Spider:4: 2241 daAuts
Vaults:1: 2199 daAuts
   Zot:3: 2136 daAuts
   Zot:5: 2123 daAuts
Vaults:2: 2116 daAuts
Spider:1: 2044 daAuts
Spider:3: 1763 daAuts
Depths:4: 1762 daAuts
Depths:2: 1736 daAuts
   Zot:1: 1683 daAuts
 Crypt:1: 1619 daAuts
Vaults:3: 1548 daAuts
    D:10: 1539 daAuts
Depths:1: 1516 daAuts
Vaults:4: 1515 daAuts
